 Dungeon Crawl Stone Soup version 0.30-a0-335-ge5acde7520 (webtiles) character file.

Game seed: 10466219161327180724

139 jlumianski the Covered (level 5, 0/41 HPs)
             Began as a Demonspawn Fighter on Oct 30, 2022.
             Succumbed to a water moccasin's poison
             ... in a sewer.
             The game lasted 00:11:53 (2038 turns).

jlumianski the Covered (Demonspawn Fighter)         Turns: 2038, Time: 00:11:54

Health: 0/41       AC: 11    Str: 17 (18) XL:     5   Next: 1%
Magic:  5/5        EV:  6    Int: 13 (15) God:
Gold:   54         SH:  9    Dex: 12 (13) Spells: 4/4 levels left

rFire   . . .      SeeInvis .    a - +0 war axe
rCold   . . .      Faith    .    c - +0 buckler
rNeg    . . .      Spirit   .    h - +0 chain mail
rPois   .          Reflect  +    l - +0 helmet
rElec   .          Harm     .    (no cloak)
rCorr   .          Rampage  .    (no gloves)
Will    .....                    j - +0 pair of boots
Stlth   ..........               e - amulet of reflection
HPRegen 0.26/turn                i - +6 ring of intelligence
MPRegen 0.09/turn                (no ring)

@: lethally poisoned (0 -> -1), hasted, very quick
A: hooves 1, ignite blood 1, powered by death 1
a: no special abilities


You were in a sewer.
You visited 2 branches of the dungeon, and saw 5 of its levels.
You also visited: Sewer.

You collected 54 gold pieces.

Inventory:

Hand Weapons
 a - a +0 war axe (weapon)
Armour
 b - a +0 scale mail
 c - a +0 buckler (worn)
 h - a +0 chain mail (worn)
 j - a +0 pair of boots (worn)
 l - a +0 helmet (worn)
Jewellery
 e - an amulet of reflection (around neck)
 i - a +6 ring of intelligence (left hand)
Scrolls
 d - a scroll of vulnerability
 m - a scroll of enchant armour {unknown}
 n - a scroll of brand weapon {unknown}
Potions
 f - a potion of flight
 g - a potion of ambrosia
 k - a potion of brilliance


   Skills:
 + Level 3.4 Fighting
 + Level 3.2 Axes
 + Level 3.5 Armour
 + Level 0.2 Dodging
 + Level 3.3 Shields


You had 4 spell levels left.
You didn't know any spells.
Your spell library contained the following spells:

 Spells                   Type           Power      Damage    Failure   Level
 Magic Dart               Conj           0%         1d3       99%         1
 Call Imp                 Summ           0%         N/A       100%        2
 Ignite Poison            Fire/Tmut/Pois 0%         N/A       100%        3
 Kindle Blastsparks       Fire/Tloc/Air  0%         2d10      100%        3
 Mephitic Cloud           Conj/Pois/Air  0%         N/A       100%        3
 Freezing Cloud           Conj/Ice/Air   0%         6-21      100%        5


Dungeon Overview and Level Annotations

Branches:
Dungeon (4/15)             Temple (1/1) D:4           Sewer (1/1)

Altars:
Ashenzari
Cheibriados
Gozag
Kikubaaqudgha
Makhleb
Nemelex Xobeh
Ru
Sif Muna
Trog
Uskayaw
Vehumet
Xom


Innate Abilities, Weirdness & Mutations

You have large cloven feet.
Your demonic aura sometimes causes spilled blood to erupt in flames.
You regenerate a little health from kills.


Message History

The water moccasin bites you but does no damage.
You barely miss the water moccasin.
You feel very sick. The water moccasin bites you!
You block the water moccasin's attack.
You hit the water moccasin.
The water moccasin is lightly wounded.
You feel sick.
The water moccasin bites you but does no damage.
You miss the water moccasin.
The water moccasin is lightly wounded.
You feel sick.
The water moccasin bites you but does no damage.
The water moccasin bites you!
You are lethally poisoned!
The water moccasin poisons you!
As you read the scroll of fear, it crumbles to dust.
You assume a fearsome visage.
The water moccasin looks frightened!
* * * LOW HITPOINT WARNING * * *
You feel very sick.
It was a potion of magic.
Magic courses through your body.
* * * LOW HITPOINT WARNING * * *
You feel very sick.
It was a potion of haste.
You feel yourself speed up.
* * * LOW HITPOINT WARNING * * *
You feel sick.
* * * LOW HITPOINT WARNING * * *
You feel sick.
* * * LOW HITPOINT WARNING * * *
You feel sick.
* * * LOW HITPOINT WARNING * * *
You feel sick.
* * * LOW HITPOINT WARNING * * *
You feel sick.
* * * LOW HITPOINT WARNING * * *
You feel sick.
* * * LOW HITPOINT WARNING * * *
You feel sick.
* * * LOW HITPOINT WARNING * * *
You feel sick.
You die...

#.~.# #.. ##..#
#.. #..# #.~
#..# #~.# ##.~#
#... #.~.#
#..###~.##
#.~~#~..#
#.@...## #..~..#
##.~~## #...#
##.## #.#
####.####
####..~.~..#####
#~~~~~~~~~~~~~~#


There were no monsters in sight!

Vanquished Creatures
  A hound (D:4)
  4 adders (D:2)
  3 worms
  4 ball pythons
  7 endoplasms
  A giant cockroach (D:2)
  6 goblins
  8 hobgoblins
  2 jackals (Sewer)
  2 quokkas (D:1)
  5 bats
  2 frilled lizards (D:1)
  8 kobolds
  6 rats
59 creatures vanquished.

Notes
Turn   | Place    | Note
-------+----------+-------------------------------------------
     0 | D:1      | jlumianski the Demonspawn Fighter began the quest for the
                  | Orb.
     0 | D:1      | Reached XP level 1. HP: 18/18 MP: 1/1
   126 | D:1      | Gained mutation: Your demonic aura sometimes causes spilled
                  | blood to erupt in flames. [demonic ancestry]
   126 | D:1      | Reached XP level 2. HP: 24/24 MP: 2/2
   318 | D:1      | Found a faded altar of an unknown god.
   639 | D:1      | Gained mutation: You have large cloven feet. [demonic
                  | ancestry]
   639 | D:1      | Reached XP level 3. HP: 26/29 MP: 3/3
  1165 | D:2      | Reached XP level 4. HP: 12/35 MP: 4/4
  1792 | D:4      | Found a staircase to the Ecumenical Temple.
  1804 | Temple   | Entered the Ecumenical Temple
  1931 | D:3      | Found a glowing drain.
  1949 | Sewer    | Entered a sewer
  1960 | Sewer    | Gained mutation: You regenerate a little health from kills.
                  | [demonic ancestry]
  1960 | Sewer    | Reached XP level 5. HP: 39/41 MP: 5/5
  2017 | Sewer    | Noticed a water moccasin
  2033 | Sewer    | HP: 2/41 [poisoned by a water moccasin]
  2038 | Sewer    | Succumbed to a water moccasin's poison

Illustrated notes

Levels and vault maps discovered:
D:1:      enne_arrival_octagon_isle, layout_loops_ring,
          hellmonk_ecumenical_altar_run_dry, minmay_tree_intersection
D:2:      layout_loops_cross, minmay_misc_feat_square, grunt_ministairs_1,
          st_stairs_12
D:3:      layout_loops_ring, cheibrodos_sewer_entry_sluice
D:4:      layout_gridville, nicolae_hepliaklqana_hippocampus,
          minmay_temple_entry_trees, minmay_misc_feat_tower
Temple:   zaba_magenta_temple
Sewer:    sewer_the_moccasin

Skill      XL: |  1  2  3  4 |
---------------+-------------+-----
Axes           | 2 3 |  3.2
Shields        | 3 |  3.3
Armour         | 3 |  3.5
Fighting       | |  3.4
Dodging        | |  0.2

Action                   |  1- 3 |  4- 6 || total
-------------------------+-------+-------++-------
Melee: War axe           |   104 |    46 ||   150
       Kick              |    11 |     2 ||    13
  Use: Potion            |     4 |     2 ||     6
       Scroll            |     2 |     5 ||     7
Armor: Scale mail        |    10 |       ||    10
       Chain mail        |    54 |    31 ||    85
Dodge: Dodged            |    46 |    14 ||    60
Block: Buckler           |    31 |    26 ||    57

Table legend: (Time is in decaauts)
 A = Elapsed time spent in this place.
 B = Non-inter-level travel time spent in this place.
 C = Inter-level travel time spent in this place.
 D = Time resting spent in this place.
 E = Time spent auto-exploring this place.
 F = Levels seen in this place.
 G = Mean time per level.
                   A        B        C        D        E       F      G
               +--------+--------+--------+--------+--------+-----+--------+
         Total |   2115 |   2075 |     40 |     66 |    834 |   6 |  352.5 |
       Dungeon |   1931 |   1891 |     40 |     66 |    802 |   4 |  482.8 |
        Temple |     89 |     89 |      0 |      0 |      0 |   1 |   89.0 |
         Sewer |     93 |     93 |      0 |      0 |     31 |   1 |   93.0 |
               +--------+--------+--------+--------+--------+-----+--------+

Top non-repeatable levels by time:
     D:1: 904 daAuts
     D:2: 562 daAuts
     D:3: 423 daAuts
   Sewer: 93 daAuts
  Temple: 89 daAuts
     D:4: 40 daAuts
